 Dungeon Crawl Stone Soup version 0.30.1 (webtiles) character file.

Game seed: 11453135818089319557

2369 Sanktem7 the Cleaver (level 9, -3/74 (79) HPs)
             Began as a Minotaur Fighter on July 11, 2023.
             Was a Follower of Okawaru.
             Shot with a sling bullet by Joseph (9 damage)
             ... on level 7 of the Dungeon.
             The game lasted 00:16:56 (7374 turns).

Sanktem7 the Cleaver (Minotaur Fighter)             Turns: 7374, Time: 00:16:57

HP:   -3/74 (79)    AC: 16    Str: 25    XL:     9   Next: 21%
MP:   8/8           EV:  7    Int:  5    God:    Okawaru [*.....]
Gold: 764           SH:  5    Dex: 10    Spells: 8/8 levels left

rFire   . . .        a - +0 war axe {axe}
rCold   . . .        c - +0 buckler
rNeg    . . .        H - +0 plate armour
rPois   .            (helmet restricted)
rElec   .            B - +0 cloak
rCorr   +            (no gloves)
SInv    .            C - +1 pair of boots
Will    +....        (no amulet) Stlth
                     v - ring of willpower
HPRegen 0.32/turn    r - ring of resist corrosion
MPRegen 0.11/turn

%: no passive effects
@: drained
A: horns 2, retaliatory headbutt
a: Renounce Religion, Heroism


You were on level 7 of the Dungeon.
You worshipped Okawaru.
Okawaru was aware of your devotion.
You visited 2 branches of the dungeon, and saw 8 of its levels.
You also visited: Sewer.

You collected 764 gold pieces.


Innate Abilities, Weirdness & Mutations

You have a pair of horns on your head.
You reflexively headbutt those who attack you in melee.


   Skills:
 + Level 7.3 Fighting
 * Level 9.0 Axes
 + Level 4.4 Throwing
 + Level 7.0 Armour
 + Level 7.1 Shields


You had 8 spell levels left.
You didn't know any spells.
Your spell library contained the following spells:

 Spells                   Type           Power      Damage    Failure   Level
 Freeze                   Ice            0%         1d3       100%        1
 Magic Dart               Conj           0%         1d3       100%        1
 Searing Ray              Conj           0%         2d4       100%        2
 Frozen Ramparts          Ice            0%         1d1       100%        3
 Hailstorm                Conj/Ice       0%         3d3       100%        3
 Fulminant Prism          Conj/Hex       0%         3d5       100%        4

Inventory:

Hand Weapons
 a - a +0 war axe (weapon) {axe}
 G - the +8 rapier "Docayc" {speed, Drain rElec Dex+3, short}
   (You found it on level 5 of the Dungeon)

   Dex:       It affects your dexterity (+3).
   rElec:     It insulates you from electricity.
   Drain:     It drains your maximum health when unequipped.
 I - a +3 dagger {short}
   (You took it off a wight on level 7 of the Dungeon)
 J - a +3 halberd {polearm}
   (You took it off a wight on level 7 of the Dungeon)
 K - a +4 hand axe of freezing {axe}
   (You took it off a wight on level 7 of the Dungeon)
Missiles
 f - 5 silver boomerangs {throwing}
 g - 68 stones {throwing}
 t - 2 atropa-tipped darts {throwing}
 u - 3 poisoned darts {throwing}
 y - 11 boomerangs (quivered) {throwing}
Armour
 c - a +0 buckler (worn)
 B - a +0 cloak (worn)
   (You found it on level 5 of the Dungeon)
 C - a +1 pair of boots (worn)
   (You found it on level 3 of the Dungeon)
 H - a +0 plate armour (worn)
   (You found it on level 7 of the Dungeon)
Jewellery
 r - a ring of resist corrosion (right hand)
   (You found it on level 2 of the Dungeon)
 v - a ring of willpower (left hand)
   (You took it off a goblin on level 3 of the Dungeon)
Scrolls
 b - a scroll of summoning {unknown}
 e - 3 scrolls of teleportation {@r4}
 h - a scroll of enchant armour {unknown}
 m - 2 scrolls of immolation {!r!r}
 o - a scroll of vulnerability {unknown}
 q - a scroll of enchant weapon {unknown}
 w - 5 scrolls of fear
 D - a scroll of fog {unknown}
Potions
 d - 2 potions of might
 i - 2 potions of invisibility {unknown}
 k - 4 potions of brilliance
 l - a potion of degeneration {!q@e2}
 n - 6 potions of lignification {!q}
 p - 2 potions of flight
 s - 3 potions of curing {unknown}
 x - a potion of heal wounds {unknown}
 z - 2 potions of mutation {unknown}
 A - a potion of haste {unknown}
 E - a potion of resistance {unknown}
 F - a potion of experience {unknown}

Dungeon Overview and Level Annotations

Branches:
Dungeon (7/15) Zot: 26258  Temple (1/1) D:5 Zot: 5870   Sewer (visited)

Altars:
Ashenzari
Cheibriados
Dithmenos
Elyvilon
Fedhas
Gozag
Hepliaklqana
Kikubaaqudgha
Makhleb
Nemelex Xobeh
Okawaru
Qazlal
Ru
Sif Muna
Trog
Uskayaw
Wu Jian
Xom
Yredelemnul
Zin
The Shining One

Shops:
D:3 :

Annotations:
D:7 Joseph

[)...........รทรท.##....##.###.....
....###.........#........## .....
##)..##[...........##.@...##.....
###....###.....##....ยง...........
.#....## ###[...........>.##.....
.....## ###..[#.............#...
#.[.## #.....#...#.........#...
.#..# ##...[.[.##....#...... .#....
#.....)@)......#...#..
..............<..............#
..#.##.##............#.###..###
##### .###.##...#...##......# # ##
#...#......##.### ###........# #
#...##...# ######...# ##.##


You could see Joseph.


Message History

You throw a boomerang {throwing}. The boomerang {throwing} hits Joseph!
Joseph shoots a sling bullet.
The sling bullet completely misses you. ๐Ÿ˜ฎ HP[+1] Throw: 11 boomerangs {throwing}
Press: ? - help, Q - select action, (/) - cycle Shift-Dir - straight line, f/p - Joseph
Aim: Joseph, wielding a +2 sling of flaming and wearing a +0 ring mail (moderately wounded, 65% to hit)
You throw a boomerang {throwing}.
The boomerang {throwing} barely misses Joseph.
Joseph shoots a sling bullet.
The sling bullet hits you!
The sling bullet burns you. ๐Ÿ˜ฎ HP[-17]
You take 17 damage, and now have 38/74 hp.
MASSIVE DAMAGE!! (PAUSE) Unknown command.
Throw: 11 boomerangs {throwing}
Press: ? - help, Q - select action, (/) - cycle Shift-Dir - straight line, f/p - Joseph
Aim: Joseph, wielding a +2 sling of flaming and wearing a +0 ring mail (moderately wounded, 65% to hit)
You throw a boomerang {throwing}. The boomerang {throwing} hits Joseph.
Joseph shoots a sling bullet.
The sling bullet hits you!
* * * LOW HITPOINT WARNING * * *
The sling bullet burns you.
* * * LOW HITPOINT WARNING * * *
๐Ÿ˜จ HP[-15]
You take 15 damage, and now have 23/74 hp.
MASSIVE DAMAGE!! (PAUSE) Joseph shoots a sling bullet.
The sling bullet hits you.
* * * LOW HITPOINT WARNING * * *
The sling bullet burns you.
* * * LOW HITPOINT WARNING * * *
๐Ÿ˜จ HP[-3]
You take 3 damage, and now have 20/74 hp. ๐Ÿ˜จ HP[+1] ๐Ÿ˜จ HP[+1] ๐Ÿ˜จ HP[+1]
There is a stone staircase leading up, spattered with blood here.
You see here a +0 club {mace}.
You climb upwards.
There is a stone staircase leading down here. ๐Ÿ˜จ HP[+1]
You start resting. ๐Ÿ˜Ž HP[+50]
Your hp is fully restored (74).
You climb downwards.
Level annotation: Joseph Joseph shoots a sling bullet.
The sling bullet hits you! The sling bullet burns you.
Joseph shoots a sling bullet.
The sling bullet hits you. The sling bullet burns you.
There is a stone staircase leading up, spattered with blood here.
You see here a +0 club {mace}. ๐Ÿ˜ฎ HP[-24]
You take 24 damage, and now have 50/74 hp.
MASSIVE DAMAGE!! (PAUSE) Joseph shoots a sling bullet.
The sling bullet hits you!
The sling bullet burns you. ๐Ÿ˜ฎ HP[-11]
You take 11 damage, and now have 39/74 hp.
Joseph shoots a sling bullet.
You block the sling bullet. ๐Ÿ˜ฎ HP[+1] Joseph shoots a sling bullet.
The sling bullet hits you.
* * * LOW HITPOINT WARNING * * *
The sling bullet burns you.
* * * LOW HITPOINT WARNING * * *
๐Ÿ˜จ HP[-7]
You take 7 damage, and now have 33/74 hp.
Joseph unwields a +2 sling of flaming.
It stops flaming.
Joseph wields a +0 quarterstaff.
Joseph hits you but does no damage.
You hit Joseph but do no damage. Your headbutt misses Joseph.
Joseph hits you with a +0 quarterstaff.
* * * LOW HITPOINT WARNING * * *
๐Ÿ˜จ HP[-2]
You take 2 damage, and now have 31/74 hp.
You closely miss Joseph. You headbutt Joseph.
Joseph hits you with a +0 quarterstaff.
* * * LOW HITPOINT WARNING * * *
๐Ÿ˜จ HP[-3]
You take 3 damage, and now have 28/74 hp.
You closely miss Joseph. Joseph barely misses you.
You hit Joseph. Your headbutt misses Joseph.
Joseph hits you but does no damage. ๐Ÿ˜จ HP[+1]
You closely miss Joseph. You headbutt Joseph!
Joseph hits you with a +0 quarterstaff!
* * * LOW HITPOINT WARNING * * *
๐Ÿ˜ฑ HP[-16]
You take 16 damage, and now have 13/74 hp.
MASSIVE DAMAGE!! (PAUSE)
You hit Joseph but do no damage. Your headbutt misses Joseph.
Joseph barely misses you.
You hit Joseph. Joseph hits you with a +0 quarterstaff!
* * * LOW HITPOINT WARNING * * *
๐Ÿ˜ฑ HP[-7]
You take 7 damage, and now have 6/74 hp.
Unknown command.
Really read
j - a scroll of blinking {!r}?
Blink to where?
Press: ? - help, Dir - move target
As you read the scroll of blinking {!r}, it crumbles to dust.
Joseph unwields a +0 quarterstaff.
Joseph wields a +2 sling of flaming.
It bursts into flame!
Joseph shoots a sling bullet.
The sling bullet hits you!
You die...

Skill      XL: |  1  2  3  4  5  6  7  8  9 |
---------------+----------------------------+-----
Axes           | 3 5 7 8 9 |  9.0
Fighting       | 4 5 6 7 |  7.3
Armour         | 4 5 6 7 |  7.0
Shields        | 4 5 6 7 |  7.1
Throwing       | 1 2 3 4 |  4.4

Action                     |  1- 3 |  4- 6 |  7- 9 || total
---------------------------+-------+-------+-------++-------
  Melee: War axe           |    73 |   131 |   218 ||   422
         Headbutt          |     8 |    18 |    33 ||    59
  Throw: Stone             |       |     5 |       ||     5
         Boomerang         |       |       |    19 ||    19
    Use: Scroll            |       |     1 |    13 ||    14
 Armour: Scale mail        |    35 |    51 |    58 ||   144
         Chain mail        |       |       |    35 ||    35
         Plate armour      |       |       |    38 ||    38
  Dodge: Dodged            |    40 |    60 |    87 ||   187
  Block: Buckler           |    13 |    30 |    62 ||   105

Levels and vault maps discovered:
D:1:      co_arrival_random_square_maze, layout_basic, basic_ecumenical_altar,
          moated_statue, minmay_misc_feat_tiny
D:2:      layout_basic, serial_curves, eino_curves_02, eino_curves_02
D:3:      minmay_octagon_keep, layout_basic, lemuel_tele_altar, serial_shops,
          nicolae_shop_back_alley_shop, kennysheep_generic_room_16, uniq_grinder
D:4:      layout_loops_ring, elyvilon_altar_1, kennysheep_mini,
          lightli_sewer_entry_pipes, uniq_robin
D:5:      layout_basic, minmay_temple_entry_waves, kennysheep_generic_room_4,
          uniq_menkaure
D:6:      layout_loops_ring, nicolae_overflow_quartered_altars,
          grunt_ministairs_2
D:7:      layout_cave_pools, kennysheep_nondescript, uniq_joseph
Temple:   compressed_dpeg_circular_temple

Notes
Turn   | Place    | Note
-------+----------+-------------------------------------------
     0 | D:1      | Sanktem7 the Minotaur Fighter began the quest for the Orb.
     0 | D:1      | Reached XP level 1. HP: 19/19 MP: 0/0
     0 | D:1      | magus.rc [v1.9.6]
    57 | D:1      | Reached XP level 2. HP: 26/27 MP: 1/1
    60 | D:1      | magus.rc [v1.9.6]
    60 | D:1      | magus.rc [v1.9.6]
    81 | D:1      | Found a faded altar of an unknown god.
   126 | D:1      | Reached skill level 3 in Axes
   452 | D:1      | Reached skill level 4 in Fighting
   475 | D:1      | Reached XP level 3. HP: 33/33 MP: 2/2
   511 | D:1      | Reached skill level 4 in Armour
   511 | D:1      | Reached skill level 4 in Shields
   641 | D:1      | You fall into a shaft and drop 1 floor!
  1675 | D:3      | Reached XP level 4. HP: 40/40 MP: 3/3
  1743 | D:3      | Reached skill level 4 in Axes
  2081 | D:3      | Found Xoexiv's Book Boutique.
  2098 | D:3      | Noticed Grinder
  2110 | D:3      | HP: 6/41 [Grinder/nerve-wracking pain (10)]
  2112 | D:3      | Killed Grinder
  2113 | D:3      | Reached skill level 5 in Axes
  2113 | D:3      | Reached skill level 1 in Throwing
  2113 | D:3      | Reached XP level 5. HP: 8/47 MP: 4/4
  2113 | D:3      | Reached XP level 6. HP: 10/55 MP: 5/5
  2303 | D:3      | Found an opulent altar of Gozag.
  2771 | D:3      | Reached skill level 5 in Fighting
  3209 | D:4      | Reached skill level 5 in Shields
  3241 | D:4      | Reached skill level 2 in Throwing
  3241 | D:4      | Reached skill level 5 in Armour
  3381 | D:4      | Noticed Robin
  3419 | D:4      | HP: 14/56 [Robin/+1 spear of pain (2)]
  3423 | D:4      | Killed Robin
  3498 | D:4      | Reached XP level 7. HP: 22/61 MP: 6/6
  3521 | D:4      | Found a glowing drain.
  3531 | Sewer    | Entered a sewer
  3688 | Sewer    | Noticed Pargi
  3693 | Sewer    | Killed Pargi
  3694 | Sewer    | Reached skill level 6 in Axes
  4043 | D:4      | Found a burning altar of Makhleb.
  4150 | D:4      | Found a white marble altar of Elyvilon.
  4510 | D:5      | Entered Level 5 of the Dungeon
  4514 | D:5      | Noticed Menkaure
  4522 | D:5      | Killed Menkaure
  4693 | D:5      | Identified a scroll of acquirement
  4693 | D:5      | Acquired 427 gold pieces
  4710 | D:5      | Found a staircase to the Ecumenical Temple.
  4721 | Temple   | Entered the Ecumenical Temple
  4965 | D:5      | Reached skill level 6 in Fighting
  4965 | D:5      | Reached skill level 7 in Axes
  4965 | D:5      | Reached skill level 3 in Throwing
  4965 | D:5      | Reached XP level 8. HP: 41/70 MP: 7/7
  5303 | D:6      | Reached skill level 6 in Shields
  5317 | D:6      | Reached skill level 6 in Armour
  5373 | D:6      | Found a broken altar of Ashenzari.
  5439 | D:6      | Found an iron altar of Okawaru.
  5836 | D:6      | Reached skill level 8 in Axes
  6017 | D:6      | You pick up a book of Conjurations {@e2} and begin
                  | reading...
  6017 | D:6      | You add the spells Magic Dart, Searing Ray and Fulminant
                  | Prism to your library.
  6043 | D:6      | Found a snail-covered altar of Cheibriados.
  6063 | D:6      | Found a bloodstained altar of Trog.
  6264 | D:6      | Became a worshipper of Warmaster Okawaru
  6397 | D:5      | You pick up a book of Frost and begin reading...
  6397 | D:5      | You add the spells Freeze, Frozen Ramparts and Hailstorm to
                  | your library.
  6444 | D:5      | Identified the +8 rapier "Docayc" {speed, Drain rElec
                  | Dex+3}
  6504 | D:5      | Reached skill level 4 in Throwing
  6695 | D:7      | Reached skill level 7 in Fighting
  6831 | D:7      | Reached XP level 9. HP: 76/76 MP: 8/8
  6959 | D:7      | Reached skill level 7 in Shields
  7053 | D:7      | Reached * piety under Okawaru
  7054 | D:7      | Reached skill level 9 in Axes
  7122 | D:7      | Reached skill level 7 in Armour
  7181 | D:7      | Noticed Joseph
  7371 | D:7      | HP: 13/74 [Joseph/+0 quarterstaff (16)]
  7373 | D:7      | HP: 6/74 [Joseph/+0 quarterstaff (8)]
  7374 | D:7      | Shot with a sling bullet by Joseph

Vanquished Creatures
  Grinder (D:3)
  Menkaure (D:5)
  A water moccasin (D:5)
  Pargi (Sewer)
  A black bear (D:6)
  2 phantoms
  2 bullfrogs (D:7)
  4 scorpions
  5 wights (D:7)
  3 jellies
  A gnoll bouda (D:6)
  5 hounds
  3 orc priests
  2 sleepcaps (D:6)
  3 iguanas
  5 orc wizards
  Robin (D:4)
  13 adders
  6 gnolls
  2 river rats (D:4)
  A shadow imp (D:5)
  2 white imps
  An ufetubus (D:6)
  4 worms
  2 dart slugs
  9 orcs
  9 bats
  12 endoplasms
  5 giant cockroaches
  25 goblins
  9 hobgoblins
  4 jackals (D:1)
  3 quokkas
  4 ball pythons
  5 frilled lizards
  13 kobolds
  9 rats
179 creatures vanquished.

Table legend:
 A = Non-vault XP
 B = Vault XP
 C = Vault XP percentage of total XP
 D = Non-vault monster count
 E = Vault monster count
 F = Vault count percentage of total count
                 A         B        C        D         E       F
            +---------+---------+-------+---------+---------+-------
      Total |    2423 |     962 |  28.4 |     129 |      50 |  27.9
            +---------+---------+-------+---------+---------+-------
        D:1 |      50 |       0 |   0.0 |      27 |       0 |   0.0
        D:2 |      45 |       0 |   0.0 |      22 |       0 |   0.0
        D:3 |     132 |     334 |  71.7 |      17 |      18 |  51.4
        D:4 |     303 |      92 |  23.3 |      15 |      21 |  58.3
        D:5 |     375 |     279 |  42.7 |       9 |       2 |  18.2
        D:6 |     725 |     101 |  12.2 |      22 |       2 |   8.3
        D:7 |     793 |       0 |   0.0 |      17 |       0 |   0.0
      Sewer |       0 |     156 | 100.0 |       0 |       7 | 100.0
            +---------+---------+-------+---------+---------+-------

Skill      XL: |  1  2  3  4  5  6  7  8  9 |
---------------+----------------------------+-----
Axes           | 3 5 7 8 9 |  9.0
Fighting       | 4 5 6 7 |  7.3
Armour         | 4 5 6 7 |  7.0
Shields        | 4 5 6 7 |  7.1
Throwing       | 1 2 3 4 |  4.4

Action                     |  1- 3 |  4- 6 |  7- 9 || total
---------------------------+-------+-------+-------++-------
  Melee: War axe           |    73 |   131 |   218 ||   422
         Headbutt          |     8 |    18 |    33 ||    59
  Throw: Stone             |       |     5 |       ||     5
         Boomerang         |       |       |    19 ||    19
    Use: Scroll            |       |     1 |    13 ||    14
 Armour: Scale mail        |    35 |    51 |    58 ||   144
         Chain mail        |       |       |    35 ||    35
         Plate armour      |       |       |    38 ||    38
  Dodge: Dodged            |    40 |    60 |    87 ||   187
  Block: Buckler           |    13 |    30 |    62 ||   105

Illustrated notes

Table legend:
 A = Kills in this place as a percentage of kills in the entire game.
 B = Kills by you in this place as a percentage of kills by you in the entire game.
 C = Kills by friends in this place as a percentage of kills by friends in the entire game.
 D = Other kills in this place as a percentage of other kills in the entire game.
 E = Experience gained in this place as a percentage of experience gained in the entire game.
 F = Experience gained in this place divided by the number of levels of this place that you have seen.
                   A       B       C       D       E      F
               +-------+-------+-------+-------+-------+----------------------
         Total | 100.0 | 100.0 |   N/A |   N/A | 100.0 | 376.1
       Dungeon |  96.1 |  96.1 |   N/A |   N/A |  95.4 | 461.3
         Sewer |   3.9 |   3.9 |   N/A |   N/A |   4.6 | 156.0
               +-------+-------+-------+-------+-------+----------------------

Table legend: (Time is in decaauts)
 A = Elapsed time spent in this place.
 B = Non-inter-level travel time spent in this place.
 C = Inter-level travel time spent in this place.
 D = Time resting spent in this place.
 E = Time spent auto-exploring this place.
 F = Levels seen in this place.
 G = Mean time per level.
                   A        B        C        D        E       F      G
               +--------+--------+--------+--------+--------+-----+--------+
         Total |   7508 |   7045 |    463 |    590 |   4921 |   9 |  834.2 |
       Dungeon |   7128 |   6685 |    443 |    502 |   4733 |   7 | 1018.3 |
        Temple |    129 |    109 |     20 |      0 |     80 |   1 |  129.0 |
         Sewer |    250 |    250 |      0 |     88 |    108 |   1 |  250.0 |
               +--------+--------+--------+--------+--------+-----+--------+

Top non-repeatable levels by time:
     D:3: 1578 daAuts
     D:6: 1449 daAuts
     D:4: 1137 daAuts
     D:1: 976 daAuts
     D:5: 955 daAuts
     D:2: 676 daAuts
     D:7: 355 daAuts
   Sewer: 250 daAuts
  Temple: 129 daAuts
